 Dungeon Crawl Stone Soup version 0.31-a0-1338-gb567cfdca4 (webtiles) character file.

Game seed: 3441658359753046973

100 Sonofthefire the Changeling (level 4, -4/28 HPs)
             Began as an Octopode Shapeshifter on Dec 22, 2023.
             Slain by a kobold brigand
             ... wielding a +0 club
              (5 damage)
             ... in a sewer.
             The game lasted 00:01:58 (2318 turns).

Sonofthefire the Changeling (Octopode Shapeshifter) Turns: 2318, Time: 00:01:59

Health: -4/28      AC:  1    Str: 13    XL:     4   Next: 74%
Magic:  4/4        EV: 13    Int: 12    God:
Gold:   130        SH:  0    Dex: 13    Spells: 3/3 levels left

rFire   . . .        g - +1 whip (drain)
rCold   . . .        (no shield)
rNeg    . . .        (helmet currently unavailable)
rPois   .            (no amulet)
rElec   .            (no ring)
rCorr   .            (no ring)
SInv    .            (no ring)
Will    .....        (no ring)
Stlth   +++          (no ring)
HPRegen 0.24/turn    (no ring)
MPRegen 0.09/turn    (no ring)
                     (no ring)

%: no passive effects
@: beast-form, slowed, very slow
A: beast (slay +2), almost no armour, amphibious, 8 rings, camouflage 1,
gelatinous body 1, nimble swimmer 1, tentacles
a: Begin Untransformation


You were in a sewer.
You were a hulking beast.
You visited 1 branch of the dungeon, and saw 4 of its levels.
You also visited: Sewer.

You collected 130 gold pieces.

Inventory:

Hand Weapons
 g - a +1 whip of draining (weapon)
Talismans
 b - a beast talisman
 c - a flux talisman
Wands
 k - a wand of roots (8)
Scrolls
 e - 7 scrolls of identify {unknown}
 f - a scroll of teleportation {unknown}
 i - a scroll of blinking {unknown}
 l - 2 scrolls of noise {unknown}
 n - a scroll of fear {unknown}
 o - a scroll of amnesia {unknown}
 p - a scroll of enchant weapon {unknown}
 r - a scroll of enchant armour {unknown}
Potions
 a - 2 potions of lignification
 d - 3 potions of curing {unknown}
 h - a potion of ambrosia {unknown}
 j - a potion of enlightenment {unknown}
 m - a potion of haste {unknown}
 q - 2 potions of heal wounds {unknown}


   Skills:
 - Level 1.0 Fighting
 - Level 2.0 Dodging
 - Level 3.8 Unarmed Combat
 + Level 4.4 Shapeshifting


You had 3 spell levels left.
You didn't know any spells.
Your spell library contained the following spells:

 Spells                   Type           Power      Damage    Failure   Level
 Sublimation of Blood     Necr           0%         N/A       45%         2
 Fugue of the Fallen      Necr           0%         N/A       69%         3
 Ozocubu's Armour         Ice            0%         N/A       69%         3
 Animate Dead             Necr           0%         N/A       97%         4
 Manifold Assault         Tloc           0%         N/A       97%         4
 Petrify                  Alch/Erth      0%         N/A       97%         4
 Borgnjor's Vile Clutch   Necr/Erth      0%         N/A       100%        5
 Irradiate                Conj/Alch      0%         3d11      100%        5
 Death Channel            Necr           0%         N/A       100%        6


Dungeon Overview and Level Annotations

Branches:
Dungeon (4/15)              Sewer (1/1)
 Temple: D:4-7

Altars:


Innate Abilities, Weirdness & Mutations

You are a hulking beast.
Your limbs bulge with bestial killing power. (Slay +2)
You cannot wear most types of armour.
You are amphibious.
You can wear up to eight rings at the same time.
Your skin changes colour to match your surroundings (Stealth+).
Your rubbery body absorbs attacks. (AC +1, EV +1)
You are camouflaged when in or above water. (Stealth+)
You have tentacles for arms and can constrict up to eight enemies at once.


Message History

A kobold comes into view. It is wielding a +0 short sword.
A kobold comes into view. It is wielding a +0 whip.
The kobold shouts!
The kobold throws a stone.
The stone hits you.
The kobold brigand throws a curare-tipped dart.
The curare-tipped dart hits you.
You are poisoned.
You have difficulty breathing.
You feel yourself slow down.
You are too injured to fight recklessly!
You are too injured to fight recklessly!
You are too injured to fight recklessly!
You are too injured to fight recklessly!
You are too injured to fight recklessly!
You are too injured to fight recklessly!
You hit the kobold but do no damage. You drain the kobold.
You kill the kobold!
You feel very sick.
You hit the kobold brigand. Your grab misses the kobold brigand.
You squeeze the kobold brigand.
The kobold brigand is moderately wounded.
You feel sick.
The kobold throws a stone.
The stone hits you.
You hit the kobold brigand. You drain the kobold brigand.
Your grab misses the kobold brigand.
The kobold brigand is heavily wounded.
You feel sick. The kobold brigand barely misses you.
The kobold barely misses you. The kobold brigand misses you.
You closely miss the kobold brigand. Your grab misses the kobold brigand.
The kobold brigand is heavily wounded.
You feel sick.
You are no longer poisoned.
The kobold brigand closely misses you.
The kobold hits you with a +0 short sword.
The kobold brigand hits you with a +0 club.
* * * LOW HITPOINT WARNING * * *
The kobold closely misses you.
You enter the shallow water.
The kobold hits you with a +0 short sword.
* * * LOW HITPOINT WARNING * * *
The kobold brigand hits you with a +0 club.
You die...

### #∩# ############ #
###.###.~~....~..# ##..
##.......~.~~~~~~.# ....#
~~~~~~~~~~~~~≈≈≈~K#....##
≈≈≈≈≈≈≈≈≈≈≈≈≈≈≈≈h.K.....#
≈~~~~≈~~~~~~~≈≈≈~K#.....#
##.......~.~~~~~..# .~..#
#######~~~.~.~...# ≈~.#
##~######### .## #~# #
#~# #~# #~#


You could see a kobold brigand (drained) and 2 kobolds.

Vanquished Creatures
  An orc wizard (D:3)
  2 adders
  A river rat (Sewer)
  4 orcs (D:3)
  2 ball pythons (D:1)
  2 bats
  6 endoplasms
  A giant cockroach (D:2)
  5 goblins
  3 hobgoblins
  5 jackals
  4 frilled lizards
  3 kobolds
  4 rats
43 creatures vanquished.

Notes
Turn   | Place    | Note
-------+----------+-------------------------------------------
     0 | D:1      | Sonofthefire the Octopode Shapeshifter began the quest for
                  | the Orb.
     0 | D:1      | Reached XP level 1. HP: 13/13 MP: 1/1
    96 | D:1      | Reached XP level 2. HP: 18/18 MP: 2/2
   723 | D:2      | Reached XP level 3. HP: 21/23 MP: 3/3
  1656 | D:3      | Reached skill level 4 in Shapeshifting
  1656 | D:3      | Reached XP level 4. HP: 19/28 MP: 4/4
  2223 | D:4      | Found a glowing drain.
  2234 | Sewer    | Entered a sewer
  2309 | Sewer    | Noticed a kobold brigand
  2318 | Sewer    | HP: 1/28 [kobold/+0 short sword (4)]
  2318 | Sewer    | Slain by a kobold brigand

Illustrated notes

Levels and vault maps discovered:
D:1:      dpeg_arrival_three_same_balls, layout_basic
D:2:      layout_basic, minmay_misc_feat_more_columns, eino_curves_04
D:3:      layout_rooms, serial_bayou_crossing
D:4:      layout_basic, lemuel_round_altar,
          mainiacjoe_sewer_entry_somewhere_in_here_1
Sewer:    sewer_kobolds

Skill      XL: |  1  2  3 |
---------------+----------+-----
Shapeshifting  | 4 |  4.4
Fighting       | |  1.0
Dodging        | |  2.0
Unarmed Combat | |  3.8

Action                     |  1- 3 |  4- 6 || total
---------------------------+-------+-------++-------
  Melee: Unarmed           |    23 |       ||    23
         Constrict         |    10 |     4 ||    14
         Tentacles         |     5 |     4 ||     9
         Whip              |    31 |    20 ||    51
         Punch             |     3 |       ||     3
   Stab: Sleeping          |     4 |     3 ||     7
 Armour: Skin              |    12 |    11 ||    23
  Dodge: Dodged            |    34 |    12 ||    46

Table legend: (Time is in decaauts)
 A = Elapsed time spent in this place.
 B = Non-inter-level travel time spent in this place.
 C = Inter-level travel time spent in this place.
 D = Time resting spent in this place.
 E = Time spent auto-exploring this place.
 F = Levels seen in this place.
 G = Mean time per level.
                   A        B        C        D        E       F      G
               +--------+--------+--------+--------+--------+-----+--------+
         Total |   2322 |   2232 |     90 |    143 |   1806 |   5 |  464.4 |
       Dungeon |   2235 |   2145 |     90 |    127 |   1761 |   4 |  558.8 |
         Sewer |     87 |     87 |      0 |     16 |     45 |   1 |   87.0 |
               +--------+--------+--------+--------+--------+-----+--------+

Top non-repeatable levels by time:
     D:2: 1023 daAuts
     D:1: 572 daAuts
     D:3: 563 daAuts
   Sewer: 87 daAuts
     D:4: 76 daAuts
